| TOP OF THE 1ST |
|
Port-au-Prince Pirates batting - Pitching for Limon Calypsos : RHP Luis Garcia
|
|
Pitching: RHP Luis Garcia
|
|
|
Batting: RHB Julio Acevedo
|
0-0: Foul Ball, location: 2F 0-1: Ball 1-1: Foul Ball, location: 2F 1-2: Foul Ball, location: 2F 1-2: Ball 2-2: SINGLE (Groundball, 56D, EV 97.5 MPH)
|
|
Batting: RHB Shooty Babitt
|
0-0: Ball 1-0: Foul Ball, location: 2F 1-1: Foul Ball, location: 2F 1-2: Ball 2-2: Strikes out swinging
|
|
Batting: RHB Reginald Coleman
|
0-0: Ball Julio Acevedo steals 2nd base (no throw) 1-0: Ball 2-0: Ball 3-0: Base on Balls
|
|
Batting: RHB Tito Landrum
|
0-0: Ball 1-0: Ball 2-0: Ball 3-0: Base on Balls Julio Acevedo to third Reginald Coleman to second
|
|
Batting: RHB Glenn Robertson
|
0-0: Ball 1-0: Grounds into fielders choice 1-2 (Groundball, 34S, EV 76.9 MPH) Reginald Coleman to third Tito Landrum to second
|
|
Batting: RHB Umberto Walraven
|
0-0: Ball 1-0: Fly out, F4 (Line Drive, 4, EV 71.9 MPH)
|
| Top of the 1st over - 0 runs, 1 hit, 0 errors, 3 left on base; Port-au-Prince 0 - Limon 0 |
| BOTTOM OF THE 1ST |
|
Limon Calypsos batting - Pitching for Port-au-Prince Pirates : RHP Ruben Nevarez
|
|
Pitching: RHP Ruben Nevarez
|
|
|
Batting: SHB Otis Nixon
|
0-0: SINGLE (Groundball, 34D, EV 107.5 MPH)
|
|
Batting: LHB Mike Davis
|
0-0: Foul Ball, location: 2F 0-1: Swinging Strike 0-2: Foul Ball, location: 2F 0-2: Ball 1-2: Ball 2-2: Ball Otis Nixon steals 2nd base (no throw) 3-2: Foul Ball, location: 2F 3-2: Foul Ball, location: 2F 3-2: Foul Ball, location: 2F 3-2: Foul Ball, location: 2F 3-2: Base on Balls
|
|
Batting: RHB Brian Dayett
|
0-0: Called Strike 0-1: Fielders Choice at 2nd, 6-4 (Groundball, 6, EV 83.1 MPH) Otis Nixon to third
|
|
Batting: LHB Mark Hildebrand
|
0-0: Ball 1-0: Ball 2-0: Foul Ball, location: 2F 2-1: Ball 3-1: Foul Ball, location: 2F 3-2: Strikes out swinging
|
|
Batting: RHB Craig Stimac
|
0-0: Swinging Strike 0-1: Foul Ball, location: 2F 0-2: Fielders Choice at 2nd, 6-4 (Groundball, 6, EV 89.4 MPH)
|
| Bottom of the 1st over - 0 runs, 1 hit, 0 errors, 2 left on base; Port-au-Prince 0 - Limon 0 |
| TOP OF THE 2ND |
|
Port-au-Prince Pirates batting - Pitching for Limon Calypsos : RHP Luis Garcia
|
|
Batting: RHB Gordy Hodgson
|
0-0: Ball 1-0: Called Strike 1-1: Swinging Strike 1-2: Ground out 5-3 (Groundball, 5, EV 87.5 MPH)
|
|
Batting: RHB Andres Forbes
|
0-0: Called Strike 0-1: Fly out, F7 (Flyball, 7, EV 89.4 MPH)
|
|
Batting: RHB Darnell Waters
|
0-0: Called Strike 0-1: Swinging Strike 0-2: Strikes out swinging
|
| Top of the 2nd over - 0 runs, 0 hits, 0 errors, 0 left on base; Port-au-Prince 0 - Limon 0 |
| BOTTOM OF THE 2ND |
|
Limon Calypsos batting - Pitching for Port-au-Prince Pirates : RHP Ruben Nevarez
|
|
Batting: LHB Doug Loman
|
0-0: Called Strike 0-1: Ball 1-1: Ground out 6-3 (Groundball, 6S, EV 91.3 MPH)
|
|
Batting: LHB Jim Adduci
|
0-0: Ball 1-0: Ball 2-0: Fly out, F7 (Flyball, 7, EV 83.1 MPH)
|
|
Batting: RHB Steve Lubratich
|
0-0: Foul Ball, location: 2F 0-1: Fly out, F8 (Flyball, 8LD, EV 93.1 MPH)
|
| Bottom of the 2nd over - 0 runs, 0 hits, 0 errors, 0 left on base; Port-au-Prince 0 - Limon 0 |
| TOP OF THE 3RD |
|
Port-au-Prince Pirates batting - Pitching for Limon Calypsos : RHP Luis Garcia
|
|
Batting: RHB Julio Acevedo
|
0-0: Ball 1-0: Ball 2-0: Foul Ball, location: 2F 2-1: Foul Ball, location: 2F 2-2: Ball 3-2: Strikes out looking
|
|
Batting: RHB Shooty Babitt
|
0-0: Fly out, F7 (Flyball, 78M, EV 75.0 MPH)
|
|
Batting: RHB Reginald Coleman
|
0-0: Called Strike 0-1: Ball 1-1: Swinging Strike 1-2: Foul Ball, location: 2F 1-2: Ball 2-2: Foul Ball, location: 2F 2-2: Foul Ball, location: 2F 2-2: DOUBLE (Flyball, 8LD, EV 97.5 MPH)
|
|
Batting: RHB Tito Landrum
|
0-0: Called Strike 0-1: Called Strike 0-2: Fly out, F7 (Flyball, 7S, EV 92.5 MPH)
|
| Top of the 3rd over - 0 runs, 1 hit, 0 errors, 1 left on base; Port-au-Prince 0 - Limon 0 |
| BOTTOM OF THE 3RD |
|
Limon Calypsos batting - Pitching for Port-au-Prince Pirates : RHP Ruben Nevarez
|
|
Batting: RHB Greg Gagne
|
0-0: Ball 1-0: Ball 2-0: Ball 3-0: Base on Balls
|
|
Batting: SHB Otis Nixon
|
0-0: Called Strike 0-1: Ball 1-1: Called Strike 1-2: Ground out 5-3 (Groundball, 56, EV 103.1 MPH) Greg Gagne to second
|
|
Batting: LHB Mike Davis
|
0-0: Fly out, F7 (Flyball, 7LS, EV 94.4 MPH)
|
|
Batting: RHB Brian Dayett
|
0-0: Swinging Strike 0-1: Foul Ball, location: 2F 0-2: Ball 1-2: Strikes out looking
|
| Bottom of the 3rd over - 0 runs, 0 hits, 0 errors, 1 left on base; Port-au-Prince 0 - Limon 0 |
| TOP OF THE 4TH |
|
Port-au-Prince Pirates batting - Pitching for Limon Calypsos : RHP Luis Garcia
|
|
Batting: RHB Glenn Robertson
|
0-0: Called Strike 0-1: Foul Ball, location: 2F 0-2: Ball 1-2: Ball 2-2: Fly out, F8 (Flyball, 8RXD, EV 91.3 MPH)
|
|
Batting: RHB Umberto Walraven
|
0-0: Called Strike 0-1: Swinging Strike 0-2: Strikes out swinging
|
|
Batting: RHB Gordy Hodgson
|
0-0: Swinging Strike 0-1: Foul Ball, location: 2F 0-2: Ball 1-2: Foul Ball, location: 2F 1-2: Strikes out looking
|
| Top of the 4th over - 0 runs, 0 hits, 0 errors, 0 left on base; Port-au-Prince 0 - Limon 0 |
| BOTTOM OF THE 4TH |
|
Limon Calypsos batting - Pitching for Port-au-Prince Pirates : RHP Ruben Nevarez
|
|
Batting: LHB Mark Hildebrand
|
0-0: Foul Ball, location: 2F 0-1: Ball 1-1: Ball 2-1: Foul Ball, location: 2F 2-2: Fly out, F9 (Flyball, 9D, EV 100.0 MPH)
|
|
Batting: RHB Craig Stimac
|
0-0: SINGLE (Line Drive, 89S, EV 95.6 MPH)
|
|
Batting: LHB Doug Loman
|
0-0: Called Strike 0-1: Foul Ball, location: 2F 0-2: Fly out, F9 (Flyball, 9D, EV 98.8 MPH)
|
|
Batting: LHB Jim Adduci
|
0-0: Ball 1-0: Ball 2-0: Ball 3-0: Called Strike 3-1: Foul Ball, location: 2F 3-2: Base on Balls Craig Stimac to second
|
|
Batting: RHB Steve Lubratich
|
0-0: Ball 1-0: Ball 2-0: Ball 3-0: Called Strike 3-1: Fly out, F9 (Flyball, 9LM, EV 95.6 MPH)
|
| Bottom of the 4th over - 0 runs, 1 hit, 0 errors, 2 left on base; Port-au-Prince 0 - Limon 0 |
| TOP OF THE 5TH |
|
Port-au-Prince Pirates batting - Pitching for Limon Calypsos : RHP Luis Garcia
|
|
Batting: RHB Andres Forbes
|
0-0: Called Strike 0-1: Called Strike 0-2: Ball 1-2: Strikes out swinging
|
|
Batting: RHB Darnell Waters
|
0-0: Called Strike 0-1: Foul Ball, location: 2F 0-2: Ball 1-2: Ball 2-2: Strikes out looking
|
|
Batting: RHB Julio Acevedo
|
0-0: Ball 1-0: Ball 2-0: Foul Ball, location: 2F 2-1: Ball 3-1: Called Strike 3-2: Base on Balls
|
|
Batting: RHB Shooty Babitt
|
0-0: Ball Balk! Julio Acevedo to second 1-0: Swinging Strike 1-1: Ball 2-1: Foul Ball, location: 2F 2-2: Strikes out swinging
|
| Top of the 5th over - 0 runs, 0 hits, 0 errors, 1 left on base; Port-au-Prince 0 - Limon 0 |
| BOTTOM OF THE 5TH |
|
Limon Calypsos batting - Pitching for Port-au-Prince Pirates : RHP Ruben Nevarez
|
|
Batting: RHB Greg Gagne
|
0-0: Ball 1-0: Called Strike 1-1: Called Strike 1-2: Foul Ball, location: 2F 1-2: Strikes out swinging
|
|
Batting: SHB Otis Nixon
|
0-0: Ball 1-0: Called Strike 1-1: Swinging Strike 1-2: Ball 2-2: Strikes out swinging, 2-3 out at first.
|
|
Batting: LHB Mike Davis
|
0-0: Called Strike 0-1: Bunt missed! 0-2: Ball 1-2: Fly out, F9 (Flyball, 9LSF, EV 83.8 MPH)
|
| Bottom of the 5th over - 0 runs, 0 hits, 0 errors, 0 left on base; Port-au-Prince 0 - Limon 0 |
| TOP OF THE 6TH |
|
Port-au-Prince Pirates batting - Pitching for Limon Calypsos : RHP Luis Garcia
|
|
Batting: RHB Reginald Coleman
|
0-0: Foul Ball, location: 2F 0-1: Called Strike 0-2: Foul Ball, location: 2F 0-2: Strikes out looking
|
|
Batting: RHB Tito Landrum
|
0-0: Ball 1-0: Foul Ball, location: 2F 1-1: Ground out 6-3 (Groundball, 6, EV 106.9 MPH)
|
|
Batting: RHB Glenn Robertson
|
0-0: Called Strike 0-1: Ball 1-1: Called Strike 1-2: Ball 2-2: Ball 3-2: Foul Ball, location: 2F 3-2: Strikes out looking
|
| Top of the 6th over - 0 runs, 0 hits, 0 errors, 0 left on base; Port-au-Prince 0 - Limon 0 |
| BOTTOM OF THE 6TH |
|
Limon Calypsos batting - Pitching for Port-au-Prince Pirates : RHP Ruben Nevarez
|
|
Batting: RHB Brian Dayett
|
0-0: Fly out, F4 (Popup, 3S, EV 87.5 MPH)
|
|
Batting: LHB Mark Hildebrand
|
0-0: Ball 1-0: Foul Ball, location: 2F 1-1: Ball 2-1: Foul Ball, location: 2F 2-2: Ball 3-2: Base on Balls
|
|
Batting: RHB Craig Stimac
|
0-0: Called Strike 0-1: Swinging Strike 0-2: Strikes out looking
|
|
Batting: LHB Doug Loman
|
0-0: Ball 1-0: SINGLE (Line Drive, 56D, EV 100.6 MPH) Mark Hildebrand to second
|
|
Batting: LHB Jim Adduci
|
0-0: Ball 1-0: Ball 2-0: Called Strike 2-1: Foul Ball, location: 2F 2-2: Ball 3-2: Fly out, F8 (Flyball, 8RD, EV 93.8 MPH)
|
| Bottom of the 6th over - 0 runs, 1 hit, 0 errors, 2 left on base; Port-au-Prince 0 - Limon 0 |
| TOP OF THE 7TH |
|
Port-au-Prince Pirates batting - Pitching for Limon Calypsos : RHP Luis Garcia
|
|
Batting: RHB Umberto Walraven
|
0-0: Called Strike 0-1: Called Strike 0-2: Ball 1-2: Strikes out looking
|
|
Pitching: RHP Bastião Cintra
|
|
|
Batting: RHB Gordy Hodgson
|
0-0: Ball 1-0: Called Strike 1-1: Ball 2-1: Foul Ball, location: 2F 2-2: Ball 3-2: Base on Balls
|
|
Batting: RHB Andres Forbes
|
0-0: Called Strike 0-1: SINGLE (Groundball, 6MD, EV 101.9 MPH) Gordy Hodgson to second Runner from 2nd tries for 3rd, SAFE after rundown.
|
|
Batting: RHB Darnell Waters
|
0-0: Ball 1-0: Called Strike 1-1: Swinging Strike 1-2: Strikes out looking
|
|
Batting: RHB Julio Acevedo
|
0-0: Fly out, F8 (Line Drive, 8LM, EV 95.6 MPH)
|
| Top of the 7th over - 0 runs, 1 hit, 0 errors, 2 left on base; Port-au-Prince 0 - Limon 0 |
| BOTTOM OF THE 7TH |
|
Limon Calypsos batting - Pitching for Port-au-Prince Pirates : RHP Ruben Nevarez
|
|
Pitching: RHP Peter Garrity
|
|
|
Batting: RHB Steve Lubratich
|
0-0: SINGLE (Line Drive, 8RS, EV 97.5 MPH)
|
|
Batting: RHB Greg Gagne
|
0-0: Ball 1-0: Foul Ball, location: 2F 1-1: SINGLE (Groundball, 4D, EV 102.5 MPH) Steve Lubratich to second Runner from 2nd tries for 3rd, SAFE, throw by RF made to third
|
|
Batting: SHB Otis Nixon
|
0-0: Ball 1-0: Fly out, F9 (Flyball, 9S, EV 90.6 MPH) Runner from 3rd tags up, SCORES, throw by RF
|
|
Batting: LHB Mike Davis
|
0-0: Ball 1-0: Called Strike 1-1: Called Strike 1-2: Strikes out swinging Greg Gagne steals 2nd base Batter strikes out.
|
|
Batting: RHB Brian Dayett
|
0-0: Ball 1-0: Called Strike 1-1: Foul Ball, location: 2F 1-2: Strikes out swinging
|
| Bottom of the 7th over - 1 run, 2 hits, 0 errors, 1 left on base; Port-au-Prince 0 - Limon 1 |
| TOP OF THE 8TH |
|
Port-au-Prince Pirates batting - Pitching for Limon Calypsos : RHP Bastião Cintra
|
|
Batting: RHB Shooty Babitt
|
0-0: Ball 1-0: Fly out, F9 (Flyball, 9D, EV 88.1 MPH)
|
|
Batting: RHB Reginald Coleman
|
0-0: Foul Ball, location: 2F 0-1: Foul Ball, location: 2F 0-2: Ground out 1-3 (Groundball, 34S, EV 63.1 MPH)
|
|
Batting: RHB Tito Landrum
|
0-0: Ball 1-0: Swinging Strike 1-1: Called Strike 1-2: Ball 2-2: Ball 3-2: Foul Ball, location: 2F 3-2: Foul Ball, location: 2F 3-2: Base on Balls
|
|
Pitching: RHP Randy Wiens
|
|
|
Pinch Hitting: LHB Glen Moon
|
0-0: Called Strike Tito Landrum steals 2nd base 0-1: Called Strike 0-2: Foul Ball, location: 2F 0-2: Ball 1-2: Fly out, F5 (Popup, 25, EV 91.3 MPH)
|
| Top of the 8th over - 0 runs, 0 hits, 0 errors, 1 left on base; Port-au-Prince 0 - Limon 1 |
| BOTTOM OF THE 8TH |
|
Limon Calypsos batting - Pitching for Port-au-Prince Pirates : RHP Peter Garrity
|
|
Now at SS: Takashi Upshur
|
|
|
Batting: LHB Mark Hildebrand
|
0-0: Ball 1-0: Foul Ball, location: 2F 1-1: Foul Ball, location: 2F 1-2: Foul Ball, location: 2F 1-2: Ground out 6-3 (Groundball, 6, EV 110.0 MPH)
|
|
Batting: RHB Craig Stimac
|
0-0: Ball 1-0: Ball 2-0: Ball 3-0: Called Strike 3-1: Called Strike 3-2: Fly out, F5 (Line Drive, 5, EV 71.3 MPH)
|
|
Pitching: RHP Robert Crimian
|
|
|
Batting: LHB Doug Loman
|
0-0: Ground out 6-3 (Groundball, 6, EV 104.4 MPH)
|
| Bottom of the 8th over - 0 runs, 0 hits, 0 errors, 0 left on base; Port-au-Prince 0 - Limon 1 |
| TOP OF THE 9TH |
|
Port-au-Prince Pirates batting - Pitching for Limon Calypsos : RHP Randy Wiens
|
|
Pitching: RHP David Melendez
|
|
|
Now at 1B: Glen Bockhorn
|
|
|
Now at SS: Don Ruzek
|
|
|
Now in LF: Mookie Wilson
|
|
|
Batting: RHB Umberto Walraven
|
0-0: Ball 1-0: Ball 2-0: Ball 3-0: Called Strike 3-1: SINGLE (Line Drive, 3D, EV 98.8 MPH)
|
|
Pinch Hitting: SHB Larry Doby
|
0-0: Ball 1-0: Ball 2-0: Foul Ball, location: 2F 2-1: Reached on error, E1 (Groundball, 34S, EV 62.5 MPH) Umberto Walraven to second
|
|
Batting: RHB Andres Forbes
|
0-0: Fly out, F9 (Flyball, 9LM, EV 88.1 MPH) Runner from 2nd tags up, SAFE at 3rd with throw by RF
|
|
Batting: RHB Darnell Waters
|
0-0: Grounds into double play, 4-6-3 (Groundball, 4, EV 101.9 MPH)
|
| Top of the 9th over - 0 runs, 1 hit, 1 error, 1 left on base; Port-au-Prince 0 - Limon 1 |
|